 Dungeon Crawl Stone Soup version 0.25-a0-523-g9afb2ee040 (webtiles) character file.

Game seed: 10305346901603882251, levelgen mode: classic

3607 EnegeticOcto the Cleaver (level 9, 54/86 HPs)
             Began as a Deep Dwarf Fighter on Feb 18, 2020.
             Quit the game on level 9 of the Dungeon.
             The game lasted 00:04:39 (4063 turns).

EnegeticOcto the Cleaver (Deep Dwarf Fighter)       Turns: 4063, Time: 00:04:39

Health: 54/86      AC: 11    Str: 23    XL:     9   Next: 86%
Magic:  1/1        EV: 12    Int:  9    God:
Gold:   162        SH: 11    Dex: 16    Spells: 8/8 levels left

rFire    + + .     SeeInvis +   a - +0 war axe
rCold    . . .     Gourm    .   c - +0 kite shield
rNeg     . . .     Faith    .   b - +0 scale mail
rPois    .         Spirit   .   (no helmet)
rElec    .         Reflect  .   g - scarf {repulsion}
rCorr    .         Harm     +   o - +1 pair of gloves
MR       +....                  D - +0 pair of boots
Stlth    ..........             u - amulet "Ymeoly" {Harm *Drain rF+ SInv}
HPRegen  0.00/turn              d - +4 ring of dexterity
MPRegen  0.07/turn              C - ring of protection from fire

@: non-regenerating, repel missiles
A: damage resistance, heal wounds, sense surroundings 2, no regeneration
a: Heal Wounds


You were on level 9 of the Dungeon.
You were near starving.

You visited 2 branches of the dungeon, and saw 10 of its levels.
You also visited: Ossuary.

You collected 995 gold pieces.
You spent 833 gold pieces at shops.

Inventory:

Hand Weapons
 a - a +0 war axe (weapon)
Armour
 b - a +0 scale mail (worn)
 c - a +0 kite shield (worn)
 g - a scarf of repulsion (worn)
 o - a +1 pair of gloves (worn)
 D - a +0 pair of boots (worn)
Jewellery
 d - a +4 ring of dexterity (left hand)
 u - the amulet "Ymeoly" (around neck) {Harm *Drain rF+ SInv}
   (You bought it in a shop on level 4 of the Dungeon)

   [amulet of harm]

   It increases damage dealt and taken.
   It protects you from fire.
   It lets you see invisible.
   It causes draining when unequipped.
 C - a ring of protection from fire (right hand)
Wands
 i - a wand of polymorph (26)
 r - a wand of paralysis (6)
Scrolls
 f - 2 scrolls of identify {@r1}
 h - 5 scrolls of remove curse {@r6}
 n - 3 scrolls of magic mapping {@r5}
 s - 3 scrolls of teleportation {@r2}
 v - 4 scrolls of enchant armour
 x - a scroll of fog {unknown}
 y - a scroll of immolation {unknown}
 z - a scroll of blinking {unknown}
Potions
 j - a potion of haste {unknown}
 k - a potion of might {@q3}
 l - 3 potions of degeneration
 m - a potion of mutation
 p - 3 potions of stabbing {unknown}
 q - 2 potions of lignification {unknown}
 t - 2 potions of brilliance {unknown}
 w - a potion of resistance {unknown}
 A - a potion of flight {unknown}
Comestibles
 e - 16 rations


   Skills:
 * Level 7.4 Fighting
 * Level 8.4 Axes
 + Level 6.6 Armour
 + Level 5.7 Dodging
 + Level 6.7 Shields
 * Level 2.4 Evocations


You had 8 spell levels left.
You didn't know any spells.
Your spell library contained the following spells:

 Spells                   Type           Power        Failure   Level  Hunger
 Beastly Appendage        Tmut           #.....       95%         1    ##.....
 Sandblast                Erth           #.....       95%         1    ##.....
 Passwall                 Tmut/Erth      #.......     99%         2    ###....
 Sticks to Snakes         Tmut           #.......     99%         2    ###....
 Spider Form              Tmut/Pois      #.........   100%        3    ####...
 Stone Arrow              Conj/Erth      #.....       100%        3    ####...
 Ice Form                 Ice/Tmut       #.......     100%        4    #####..
 Petrify                  Tmut/Erth      #.......     100%        4    #####..
 Blade Hands              Tmut           #.........   100%        5    ######.
 Lee's Rapid Deconstruct  Erth           #.........   100%        5    ######.


Dungeon Overview and Level Annotations

Branches:
Dungeon (9/15)             Temple (1/1) D:6         Ossuary (visited)
   Lair: D:8-11         Orc: D:9-12

Altars:
Cheibriados
Dithmenos
Elyvilon
Fedhas
Gozag
Kikubaaqudgha
Nemelex Xobeh
Okawaru
Qazlal
Ru
Sif Muna
Trog
Uskayaw
Vehumet
Wu Jian
Xom
Zin

Shops:
D:4 *=%*   D:6 =[[[


Innate Abilities, Weirdness & Mutations

You are resistant to damage.
You can heal yourself by infusing magical energy.
You passively map the area around you.
You do not regenerate.


Message History

A hound is nearby!
A hound is nearby!
A hound is nearby!
An adder skeleton comes into view.
A jelly comes into view.
Found 27 sling bullets.
The hound barely misses you.
You closely miss the hound. You block the hound's attack.
The hound barely misses you.
You miss the hound. The hound closely misses you.
You slash the hound!
The hound is almost dead.
You barely miss the adder skeleton. The hound closely misses you.
You block the adder skeleton's attack. The hound bites you but does no damage.
You barely miss the hound.
The hound is almost dead.
You hit the adder skeleton. The hound bites you.
The adder skeleton bites you but does no damage.
You slash the hound!
You kill the hound!
You slash the adder skeleton!
Your shield and scale mail prevent you from hitting the jelly.
The jelly barely misses you. You block the adder skeleton's attack.
You barely miss the adder skeleton.
The adder skeleton is almost destroyed.
You slash the jelly!
Your hands burn!
The adder skeleton bites you but does no damage.
The jelly hits you but does no damage. You block the adder skeleton's attack.
The jelly hits you.
You are splashed with acid!
You are too injured to fight recklessly!
You are too injured to fight recklessly!
You are too injured to fight recklessly!
You are too injured to fight recklessly!
You are too injured to fight recklessly!
You are too injured to fight recklessly!
You are too injured to fight recklessly!
You are too injured to fight recklessly!
You are too injured to fight recklessly!
You are too injured to fight recklessly!
You are too injured to fight recklessly!
You are too injured to fight recklessly!
You hit the jelly.
You kill the jelly!
You slash the adder skeleton!
You destroy the adder skeleton!
All of the chunks of flesh in your inventory have rotted away.
You see here 27 sling bullets.
You see here 27 sling bullets.
Found 24 arrows.
r - a wand of paralysis (6)
You see here a ring mail.
Found an escape hatch in the floor.
There is an escape hatch in the floor here.
There is a stone staircase leading up here.
Done exploring.
Done exploring.
Done exploring.
Done exploring.
Search for what [Enter for "mak", or ? for help]? mak Can't find anything matching that.
(D) Dungeon (T) Temple
Where to? (Enter - D:8, ? - help)
There is a stone staircase leading down here.
You climb downwards.
There is a stone staircase leading up here.
Found a glowing helmet.
Found a stone staircase leading down.
n - 3 scrolls of magic mapping {@r5} (gained 1)
A hungry ghost comes into view.
A hungry ghost is nearby!
A hungry ghost is nearby!
A hungry ghost is nearby!
A hungry ghost is nearby!
You feel much better. The hungry ghost hits you.
You are feeling very hungry.
You closely miss the hungry ghost. You block the hungry ghost's attack.
You miss the hungry ghost. You block the hungry ghost's attack.
You miss the hungry ghost. You block the hungry ghost's attack. x2
You completely miss the hungry ghost. The hungry ghost misses you.
You miss the hungry ghost. You block the hungry ghost's attack.
You miss the hungry ghost. You block the hungry ghost's attack.
You hit the hungry ghost.
The hungry ghost is lightly damaged.
You block the hungry ghost's attack.
You completely miss the hungry ghost.
The hungry ghost is lightly damaged.
The hungry ghost completely misses you.
You hit the hungry ghost.
The hungry ghost is moderately damaged.
You block the hungry ghost's attack.
You barely miss the hungry ghost.
The hungry ghost is moderately damaged.
You block the hungry ghost's attack.
You hit the hungry ghost but do no damage.
The hungry ghost is moderately damaged.
The hungry ghost barely misses you. You block the hungry ghost's attack.
You slash the hungry ghost!
The hungry ghost is severely damaged.
The hungry ghost hits you.
You are near starving!
Are you sure you want to abandon this character and quit the game? (Confirm with "yes".)

, #...# * * , , #...# ,
#...# , , , ,#...#######
* *#.........# * ,
#.........# *, ,* *
#.........# ***,, *
#####........####### ,
.......W@.....[....># * ,
#####.#.......###########
,, #.####.#.............
, #. ...#.############
*,, * ....#.#.#<....####
, *......#.#...........
,, *......#.#.......####
* ,* ....,,#.######### *
..


You could see a hungry ghost.

Vanquished Creatures
  Pikel (D:5)
  Maggie (D:7)
  A hornet (D:7)
  A hippogriff (D:8)
  A spriggan (D:7)
  A water moccasin (D:5)
  An ice beast (D:8)
  An orc warrior (D:6)
  4 slaves (D:5)
  A sky beast (D:6)
  2 phantoms
  5 centaurs
  A water moccasin skeleton (D:7)
  2 howler monkeys
  3 crimson imps (D:5)
  3 jellies
  2 hounds
  An iron imp (D:8)
  3 orc priests
  7 orc wizards
  6 bullfrog skeletons
  6 worker ants
  An iguana (D:7)
  A killer bee zombie (D:7)
  A big kobold zombie (Ossuary)
  A hound zombie (D:6)
  A hound skeleton (D:4)
  8 mummies (Ossuary)
  A worker ant zombie (D:8)
  5 adders
  A howler monkey skeleton (D:7)
  A shadow imp (D:7)
  2 adder skeletons
  2 worms
  A dart slug (D:3)
  3 leopard geckos
  17 orcs
  3 giant cockroaches (D:1)
  3 goblins
  2 hobgoblins
  9 jackals
  A kobold (D:1)
  3 quokkas
  2 bats (D:1)
  4 frilled lizards
  A hobgoblin zombie (Ossuary)
  2 kobold zombies (Ossuary)
  4 orc zombies (Ossuary)
  A quokka skeleton (D:5)
  3 rats
138 creatures vanquished.

Vanquished Creatures (others)
  An orc wizard (D:4)
1 creature vanquished.

Grand Total: 139 creatures vanquished

Notes
Turn   | Place    | Note
-------+----------+-------------------------------------------
     0 | D:1      | EnegeticOcto the Deep Dwarf Fighter began the quest for the
                  | Orb.
     0 | D:1      | Reached XP level 1. HP: 20/20 MP: 1/1
    24 | D:1      | Reached XP level 2. HP: 22/27 MP: 2/2
   317 | D:3      | Reached XP level 3. HP: 23/34 MP: 3/3
   325 | D:4      | Found a sparkling altar of Nemelex Xobeh.
   382 | D:4      | Found a sand-covered staircase.
   386 | Ossuary  | Entered an ossuary
   401 | Ossuary  | Reached skill level 1 in Dodging
   404 | Ossuary  | Reached skill level 3 in Axes
   418 | Ossuary  | Reached XP level 4. HP: 22/42 MP: 3/3
   463 | Ossuary  | Reached XP level 5. HP: 41/50 MP: 3/3
   762 | D:4      | Found Meust's General Store.
   765 | D:4      | Bought a potion of curing for 42 gold pieces
   797 | D:4      | Found Maodd's Food Shop.
   852 | D:4      | Reached skill level 4 in Axes
   852 | D:4      | Reached XP level 6. HP: 35/57 MP: 4/4
   940 | D:4      | Found Yrrit's Jewellery Boutique.
   963 | D:4      | Found an ancient bone altar of Kikubaaqudgha.
  1018 | D:4      | Found an iron altar of Okawaru.
  1201 | D:4      | Found Igaocokhli's Assorted Antiques.
  1217 | D:4      | Bought 2 scrolls labeled YRAERRURHOPS for 66 gold pieces
  1217 | D:4      | Bought a scroll labeled URCHEOC KAISEOPN for 33 gold pieces
  1217 | D:4      | Bought a scroll labeled EDIR GUYLLUNI for 33 gold pieces
  1217 | D:4      | Bought a scroll labeled IPPOVA LOIH for 33 gold pieces
  1218 | D:4      | Identified the ring of the Everdark {Ice rElec Str+3} (You
                  | acquired it on level 4 of the Dungeon)
  1297 | D:5      | Entered Level 5 of the Dungeon
  1326 | D:5      | Noticed a water moccasin
  1349 | D:5      | Killed a water moccasin
  1504 | D:5      | Noticed a slave
  1507 | D:5      | Noticed a slave
  1509 | D:5      | Noticed a slave
  1510 | D:5      | Killed a slave
  1510 | D:5      | Noticed Pikel
  1512 | D:5      | Noticed a slave
  1516 | D:5      | Killed a slave
  1532 | D:5      | Killed a slave
  1534 | D:5      | Killed a slave
  1545 | D:5      | Killed Pikel
  1545 | D:5      | Reached skill level 5 in Fighting
  1545 | D:5      | Reached skill level 5 in Axes
  1545 | D:5      | Reached skill level 5 in Shields
  1545 | D:5      | Reached XP level 7. HP: 52/67 MP: 3/3
  1599 | D:5      | Reached XP level 8. HP: 51/74 MP: 4/4
  1667 | D:5      | Reached skill level 5 in Armour
  1793 | D:6      | Reached skill level 6 in Axes
  1917 | D:6      | Found Qarghaeff's Armour Shoppe.
  1918 | D:6      | Found Cukh's Armour Shop.
  1982 | D:6      | Found Xees's Jewellery Emporium.
  2020 | D:6      | Found Ipret's Armour Shoppe.
  2085 | D:6      | Found a staircase to the Ecumenical Temple.
  2137 | Temple   | Entered the Ecumenical Temple
  2381 | D:6      | Reached skill level 7 in Axes
  2721 | D:7      | Gained mutation: You passively map the area around you.
                  | [Deep Dwarf growth]
  2721 | D:7      | Reached XP level 9. HP: 50/84 MP: 2/2
  2857 | D:4      | Bought the amulet "Ymeoly" {Harm *Drain rF+ SInv} for 626
                  | gold pieces
  3095 | D:7      | Noticed Maggie
  3116 | D:7      | Killed Maggie
  3116 | D:7      | Reached skill level 5 in Dodging
  3283 | D:7      | Reached skill level 8 in Axes
  3667 | D:8      | Reached skill level 1 in Evocations
  3703 | D:8      | Found a snail-covered altar of Cheibriados.
  3806 | D:8      | Found an ornate altar of the Wu Jian Council.
  4063 | D:9      | Quit the game

Levels and vault maps discovered:
D:1:      lightli_molten_gateway, layout_basic, fountainhead,
          minmay_misc_feat_diagonals, minmay_pentomino_o4
D:2:      layout_loops_corners, nicolae_overflow_crystal_walls,
          lemuel_coloured_pillars_altar, chequers_ecumenical_altar_simple,
          first_ration
D:3:      layout_loops_ring, nicolae_tso_swordbearing_angel,
          chequers_serial_rivers_room_b, okawaru_ov_weapons_minmay
D:4:      layout_basic, lemuel_round_altar, kiku_gazebo_pond_becter,
          nemelex_xobeh_ov_fountains_minmay, serial_shops, shop,
          nicolae_shop_window_shopping, shop,
          nicolae_shop_competitors_out_of_business, enter_ossuary_5,
          minmay_hedge_maze, hangedman_decor_riveting
D:5:      layout_basic, uniq_pikel
D:6:      layout_basic, minmay_temple_entry_trees, serial_shops, shop,
          shop_statue, shop, shop
D:7:      layout_gridville, the_bakery, roderic_serpentine_path, uniq_maggie
D:8:      layout_rooms, slow_altar_1, lemuel_round_altar, grunt_decor_one_mirror
D:9:      layout_basic, lemuel_zombie_altar_yredelemnul,
          ashenzari_conservatory_becter, serial_shops, nicolae_shop_stone
Temple:   minmay_temple_bridge_abc

Skill      XL: |  1  2  3  4  5  6  7  8  9 |
---------------+----------------------------+-----
Fighting       | 3 4 5 6 7 |  7.4
Dodging        | 1 2 3 4 5 |  5.7
Axes           | 3 4 5 7 8 |  8.4
Shields        | 4 5 6 |  6.7
Armour         | 4 5 6 |  6.6
Evocations     | 2 |  2.4

Action                   |  1- 3 |  4- 6 |  7- 9 || total
-------------------------+-------+-------+-------++-------
Melee: War axe           |    73 |   152 |   340 ||   565
 Abil: Heal Wounds       |     2 |     9 |    10 ||    21
  Use: Scroll            |       |    10 |       ||    10
       Potion            |       |       |     6 ||     6
  Eat: Chunk             |       |     2 |     9 ||    11
Armor: Scale mail        |    34 |    43 |   122 ||   199
Dodge: Dodged            |    27 |    56 |   143 ||   226
       Deflected         |       |       |     7 ||     7
Block: Kite shield       |    40 |    87 |   193 ||   320

Table legend:
 A = Non-vault XP
 B = Vault XP
 C = Vault XP percentage of total XP
 D = Non-vault monster count
 E = Vault monster count
 F = Vault count percentage of total count
                 A         B        C        D         E       F
            +---------+---------+-------+---------+---------+-------
      Total |    3636 |    1517 |  29.4 |     112 |      23 |  17.0
            +---------+---------+-------+---------+---------+-------
        D:1 |      14 |       6 |  30.0 |      10 |       3 |  23.1
        D:2 |       7 |       0 |   0.0 |       2 |       0 |   0.0
        D:3 |      20 |       0 |   0.0 |       4 |       0 |   0.0
        D:4 |     243 |       0 |   0.0 |      12 |       0 |   0.0
        D:5 |     398 |     685 |  63.3 |      12 |       1 |   7.7
        D:6 |    1146 |       0 |   0.0 |      36 |       0 |   0.0
        D:7 |     926 |     610 |  39.7 |      25 |       2 |   7.4
        D:8 |     882 |      40 |   4.3 |      11 |       1 |   8.3
    Ossuary |       0 |     176 | 100.0 |       0 |      16 | 100.0
            +---------+---------+-------+---------+---------+-------
